 Seeded DCSS version 0.29.1-1-gd02db6906a (webtiles) character file.

Game seed: 2387645567842811425 (custom seed)

9185 lonewolfV2 the Slicer (level 11, -10/85 HPs)
             Began as a Demonspawn Berserker on Oct 18, 2022.
             Was an Elder of Trog.
             Mangled by an orc knight
             ... wielding a +0 great mace
              (18 damage)
             ... on level 2 of the Orcish Mines.
             The game lasted 00:22:44 (12269 turns).

lonewolfV2 the Slicer (Demonspawn Berserker)       Turns: 12269, Time: 00:22:45

Health: -10/85     AC: 14    Str: 22    XL:     11   Next: 19%
Magic:  11/11      EV: 18    Int:  8    God:    Trog [****..]
Gold:   613        SH:  5    Dex: 19    Spells: 10/10 levels left

rFire   . . .      SeeInvis .   d - +8 arc blade {discharge, rElec}
rCold   . . .      Faith    .   (no shield)
rNeg    . . .      Spirit   .   i - +3 scale mail {rPois}
rPois   +          Reflect  +   A - +0 helmet
rElec   +          Harm     .   (no cloak)
rCorr   .          Rampage  .   (no gloves)
Will    ++...                   (no boots)
Stlth   ..........              j - amulet "Zuobuino" {Reflect rElec SH+5}
HPRegen 1.24/turn               f - +4 ring of evasion
MPRegen 0.12/turn               k - +6 ring of dexterity

@: strong-willed, regenerating, hasted, very quick
A: slimy green scales 1, foul stench 1, spiny 1, demonic touch 1
a: Renounce Religion, Berserk, Trog's Hand, Brothers in Arms


You were on level 2 of the Orcish Mines.
You worshipped Trog.
Trog was greatly pleased with you.
You visited 2 branches of the dungeon, and saw 11 of its levels.
You also visited: Ossuary.

You collected 930 gold pieces.
You spent 317 gold pieces at shops.

Inventory:

Hand Weapons
 a - a +1 hand axe of electrocution
 d - the +8 arc blade (weapon) {discharge, rElec}
   (You acquired it on level 1 of the Dungeon)

   It occasionally unleashes powerful arcs of lightning upon striking a foe.
   These may arc to other adjacent creatures (including the wielder, but dealing
   reduced damage to them) before grounding out.
   rElec:     It insulates you from electricity.
Missiles
 o - 2 throwing nets
Armour
 b - a +0 animal skin
 i - a +3 scale mail of poison resistance (worn)
 A - a +0 helmet (worn)
Jewellery
 f - a +4 ring of evasion (left hand)
 j - the amulet "Zuobuino" (around neck) {Reflect rElec SH+5}
   (You acquired it on level 2 of the Dungeon)

   [amulet of reflection]

   It reflects blocked missile attacks.
   rElec:     It insulates you from electricity.
   SH:        It affects your SH (+5).
 k - a +6 ring of dexterity (right hand)
Wands
 t - a wand of iceblast (19) (quivered)
Scrolls
 h - 6 scrolls of teleportation
 m - a scroll of magic mapping
 s - 2 scrolls of enchant weapon
 w - a scroll of summoning
Potions
 c - a potion of magic
 e - 6 potions of curing
 g - a potion of haste
 l - 3 potions of flight
 n - a potion of lignification
 p - a potion of degeneration
 q - a potion of cancellation
 u - a potion of mutation
 v - a potion of resistance {unknown}
 x - a potion of heal wounds {unknown}
 z - a potion of might {unknown}
 B - a potion of attraction {unknown}


   Skills:
 + Level 7.7 Fighting
 * Level 9.4 Short Blades
 + Level 7.2 Axes
 + Level 6.7 Armour
 + Level 6.8 Dodging


You had 10 spell levels left.
You didn't know any spells.
Your spell library was empty.

Dungeon Overview and Level Annotations

Branches:
Dungeon (9/15)             Temple (0/1) D:4             Orc (2/2) D:9
    Elf (0/3) Orc:2       Ossuary (visited)
   Lair: D:8-11

Altars:
Dithmenos
Gozag
Kikubaaqudgha
Makhleb
Nemelex Xobeh
Okawaru
Qazlal
Sif Muna
Trog
Wu Jian

Shops:
D:3 *   D:5 [   D:8 !   Orc:2 *(

Annotations:
Orc:2 Saint Roka


Innate Abilities, Weirdness & Mutations

You are partially covered in slimy green scales. (AC +2)
You may rarely emit foul miasma when damaged in melee.
You are partially covered in sharp spines.
Your touch may inflict minor irresistible damage on your foes.


Message History

* * * LOW HITPOINT WARNING * * *
You feel better.
An orc comes into view. It is wielding a +0 hand axe.
An orc comes into view. It is wielding a +0 club.
The orc sorcerer is struck by your spines.
The orc sorcerer completely misses you.
Saint Roka roars a battlecry!
The orcs go into a battle-frenzy!
The orc knight misses you.
The orc shouts!
You feel better.
The ynoxinul gestures.
The orc knight is struck by your spines.
The orc knight closely misses you.
Saint Roka roars a battlecry!
You hear a shout! x2
You feel better. The ynoxinul misses you.
The orc sorcerer is struck by your spines.
You kill the orc sorcerer!
Trog accepts your kill.
Trog appreciates your killing of a magic user.
The ynoxinul disappears in a puff of smoke!
The ufetubus disappears in a puff of smoke! x2
Saint Roka roars a battlecry!
The orc knight barely misses you.
You hear a shout! x2
You feel better.
Saint Roka invokes the aid of Beogh against you.
Beogh smites you!
The orc knight roars a battlecry!
Saint Roka goes into a battle-frenzy!
You hear a shout! x2
You feel yourself speed up.
The orc priest no longer looks unusually strong.
The orc warrior hits you with a +0 scimitar!!
* * * LOW HITPOINT WARNING * * *
The orc priest calls upon Beogh to heal something.
Saint Roka roars a battlecry!
The orc knight hits you with a +0 great mace!!
You die...

..##.........## ##.)))#.####,,,*
...#.<.......# #....#o.#.8##+##
)..#........### ###....8.'o...o.o
#)##..........###.#.#o..o)..o...8
)).#...........#...o...8.))))oooo
.8.#...#.......##.#.o.#..#.8##+##
)).#...#........o.o#.###.####,,,*
#)##...#.#####.§oo#...##..# *,,,*
.....###.#...#..@)##.####.##*,,,*
.........#_))#...##### #..######
.#.......#.))'.>## ##.......
###......#####.## ########
#.#...........# ###........#####
....#......## ###.#.....).#*##
))).#.......##.##


You could see Saint Roka (strong), an orc knight (strong), an orc warrior
(strong), 2 orc priests and 3 orcs.

Vanquished Creatures
  A hydra (D:6)
  A centaur warrior (D:9)
  An orc knight (Orc:2)
  2 orc sorcerers (Orc:2)
  2 trolls (Orc:2)
  2 hornets
  A wyvern (D:9)
  A steam dragon (D:8)
  A warg (Orc:2)
  2 ice beasts
  14 orc warriors
  A black bear (D:7)
  An ogre (Orc:2)
  A centaur (D:7)
  3 phantoms
  4 elf zombies (Ossuary)
  A bullfrog (D:6)
  A kobold brigand (D:8)
  A necrophage (D:6)
  A spectral wyvern (D:6)
  2 scorpions (D:5)
  9 wights (D:6)
  6 killer bees (D:8)
  A spectral bullfrog (D:6)
  A howler monkey (D:8)
  A crimson imp (D:8)
  A bullfrog zombie (D:6)
  11 orc priests
  2 gnoll boudas
  2 hounds (D:5)
  2 human zombies (Ossuary)
  A bullfrog skeleton (D:6)
  3 iguanas
  15 orc wizards
  2 hound zombies (Ossuary)
  4 mummies
  22 gnolls
  6 adders
  2 shadow imps
  2 white imps (D:7)
  3 ufetubi
  6 adder zombies (Ossuary)
  A worm (D:4)
  6 dart slugs
  53 orcs
  8 endoplasms
  6 giant cockroaches
  A gnoll zombie (Ossuary)
  13 goblins
  6 hobgoblins
  7 jackals
  10 kobolds
  6 quokkas
  6 ball pythons
  6 bats
  3 frilled lizards
  2 goblin zombies (Ossuary)
  5 hobgoblin zombies (Ossuary)
  A jackal zombie (Ossuary)
  2 kobold zombies (Ossuary)
  4 orc zombies (Ossuary)
  2 quokka zombies (Ossuary)
  6 rats
  3 rat zombies (Ossuary)
303 creatures vanquished.

Vanquished Creatures (collateral kills)
  An orc sorcerer (Orc:2)
  An orc warrior (Orc:2)
2 creatures vanquished.

Vanquished Creatures (others)
  20 withered plants (D:6)
20 creatures vanquished.

Grand Total: 325 creatures vanquished

Notes
Turn   | Place    | Note
-------+----------+-------------------------------------------
     0 | D:1      | lonewolfV2 the Demonspawn Berserker began the quest for the
                  | Orb.
     0 | D:1      | Reached XP level 1. HP: 18/18 MP: 1/1
   484 | D:1      | Identified a scroll of acquirement
   484 | D:1      | Acquired the +8 arc blade {discharge, rElec}
   484 | D:1      | Found the +8 arc blade {discharge, rElec}
   515 | D:1      | Gained mutation: You may rarely emit foul miasma when
                  | damaged in melee. [demonic ancestry]
   515 | D:1      | Reached XP level 2. HP: 10/24 MP: 2/2
  1304 | D:1      | Found a faded altar of an unknown god.
  1332 | D:1      | Reached skill level 1 in Short Blades
  1631 | D:1      | Reached XP level 3. HP: 24/29 MP: 3/3
  1973 | D:2      | Reached ** piety under Trog
  2117 | D:2      | Found a sparkling altar of Nemelex Xobeh.
  2148 | D:2      | Acquired the amulet "Zuobuino" {Reflect rElec SH+5}
  2363 | D:2      | Reached XP level 4. HP: 35/35 MP: 4/4
  2628 | D:2      | Reached skill level 2 in Short Blades
  3080 | D:3      | Gained mutation: You are partially covered in sharp spines.
                  | [demonic ancestry]
  3080 | D:3      | Reached XP level 5. HP: 41/41 MP: 5/5
  3128 | D:3      | Found a bloodstained altar of Trog.
  3134 | D:3      | Found Ybeonkia's Assorted Antiques.
  3190 | D:3      | Reached *** piety under Trog
  3362 | D:3      | Found a sparkling altar of Nemelex Xobeh.
  3651 | D:4      | Found a staircase to the Ecumenical Temple.
  3743 | D:4      | Found an ornate altar of the Wu Jian Council.
  3836 | D:4      | Reached XP level 6. HP: 48/48 MP: 6/6
  4110 | D:4      | Reached skill level 3 in Short Blades
  4551 | D:5      | Entered Level 5 of the Dungeon
  4601 | D:5      | Reached XP level 7. HP: 54/54 MP: 7/7
  4669 | D:5      | Reached **** piety under Trog
  4676 | D:5      | Reached skill level 4 in Short Blades
  4890 | D:5      | Found Ufegorgh's Antique Armour Shoppe.
  4919 | D:5      | Bought a bloodstained scale mail for 225 gold pieces
  4919 | D:5      | Identified the +1 scale mail "Wuoh Fiy" {rF+ Str+4 Dex-5
                  | Slay+2} (You bought it in a shop on level 5 of the Dungeon)
  4979 | D:5      | Found an iron altar of Okawaru.
  5267 | D:5      | Found an ancient bone altar of Kikubaaqudgha.
  5356 | D:6      | Gained mutation: Your touch may inflict minor irresistible
                  | damage on your foes. [demonic ancestry]
  5356 | D:6      | Reached XP level 8. HP: 17/61 MP: 8/8
  5695 | D:6      | Found an opulent altar of Gozag.
  5712 | D:6      | Reached skill level 5 in Fighting
  5756 | D:6      | Reached skill level 5 in Short Blades
  5901 | D:6      | Found a sand-covered staircase.
  5909 | Ossuary  | Entered an ossuary
  6053 | Ossuary  | Reached ***** piety under Trog
  6555 | Ossuary  | Reached skill level 5 in Axes
  6701 | D:6      | Found a shimmering blue altar of Sif Muna.
  6898 | D:6      | Found a stormy altar of Qazlal.
  6986 | D:6      | Received a gift from Trog
  6987 | D:6      | Found the +4 dagger "Morg" {pain, Will+ Int+5}
  6992 | D:6      | Reached skill level 6 in Short Blades
  6994 | D:6      | Reached XP level 9. HP: 36/68 MP: 9/9
  7577 | D:6      | Found a shadowy altar of Dithmenos.
  7586 | D:7      | Found a flagged portal.
  7720 | D:7      | Reached skill level 5 in Armour
  7720 | D:7      | Reached skill level 5 in Dodging
  7769 | D:7      | Noticed a seven-headed hydra
  7806 | D:6      | Killed a seven-headed hydra
  7807 | D:6      | Reached skill level 7 in Short Blades
  8807 | D:8      | Gained mutation: You are partially covered in slimy green
                  | scales. (AC +2) [demonic ancestry]
  8807 | D:8      | Reached XP level 10. HP: 49/77 MP: 10/10
  9453 | D:8      | Found Akhlezel's Distillery.
  9853 | D:8      | Found a burning altar of Makhleb.
  9900 | D:9      | Noticed a centaur warrior
  9904 | D:9      | Killed a centaur warrior
  9905 | D:9      | Reached skill level 8 in Short Blades
 10063 | D:9      | Found a staircase to the Orcish Mines.
 10074 | Orc:1    | Entered Level 1 of the Orcish Mines
 10614 | Orc:2    | Entered Level 2 of the Orcish Mines
 10699 | Orc:2    | Noticed an orc knight
 10716 | Orc:2    | Killed an orc knight
 11387 | Orc:2    | Reached skill level 9 in Short Blades
 11489 | Orc:2    | Found Iwnolet's Weapon Shoppe.
 11565 | Orc:2    | Found a staircase to the Elven Halls.
 11644 | Orc:2    | Noticed an orc sorcerer
 11649 | Orc:2    | Killed an orc sorcerer
 11650 | Orc:2    | Reached XP level 11. HP: 81/84 MP: 11/11
 11752 | Orc:2    | Noticed an orc sorcerer
 11761 | Orc:2    | Killed an orc sorcerer
 12064 | Orc:2    | Found Plog's Assorted Antiques.
 12073 | Orc:2    | Bought a scroll of identify for 46 gold pieces
 12073 | Orc:2    | Bought a scroll of identify for 46 gold pieces
 12226 | Orc:2    | Noticed an orc knight
 12226 | Orc:2    | Noticed an orc sorcerer
 12227 | Orc:2    | Noticed Saint Roka
 12264 | Orc:2    | HP: 2/85 [orc knight/+0 great mace (11)]
 12267 | Orc:2    | Killed an orc sorcerer
 12269 | Orc:2    | Mangled by an orc knight

Illustrated notes

Levels and vault maps discovered:
D:1:      lemuel_arrival_room, layout_basic, ebering_ecumenical_altar_box
D:2:      layout_loops_ring, serial_rivers, chequers_serial_rivers_micro_e,
          chequers_serial_rivers_micro_b, chequers_serial_rivers_small_3,
          chequers_serial_rivers_micro_c, chequers_serial_rivers_micro_d,
          basic_altar
D:3:      cheibrodos_helix_gallery, layout_rooms, mainiacjoe_overflow_catwalk,
          mainiacjoe_overflow_surrounded_room, serial_shops, shop,
          nrook_mini_backslash
D:4:      layout_rooms, amcnicky_altar_gilded, minmay_temple_entry_nine_rooms,
          glass_columns_a
D:5:      cheibrodos_quashed, layout_basic, mainiacjoe_overflow_alcove_4,
          lemuel_doored_altar, serial_shops, nicolae_shop_trees
D:6:      layout_basic, grunt_gozag_breadcrumbs, elyvilon_altar_5,
          nicolae_tso_carved_into_rock, mainiacjoe_overflow_paths,
          kennysheep_mini, kennysheep_little_box, gup_ossuary_entry_pyramid,
          minmay_misc_feat_iff, minmay_misc_feat_nine_boxes,
          dilly_guarded_unrand_morg
D:7:      minmay_evil_eye, layout_cave_pools, enter_bailey_5
D:8:      layout_loops_corners, makhleb_grotto_becter, marbit_many_paths,
          serial_shops, nicolae_shop_window_shopping
D:9:      layout_roguey, nicolae_overflow_hidden_temple
Orc:1:    layout_diamond_mine, guppyfry_orc_lava_fort
Orc:2:    grunt_orc_community_town_hall, layout_diamond_mine,
          grunt_orc_community_big_house_2, grunt_orc_community_big_house_2,
          grunt_orc_community_house_1, grunt_orc_community_house_1,
          grunt_orc_community_house_2, grunt_orc_community_house_2

Skill      XL: |  1  2  3  4  5  6  7  8  9 10 |
---------------+-------------------------------+-----
Armour         | 2 3 4 5 6 |  6.7
Dodging        | 2 3 4 5 6 |  6.8
Short Blades   | 1 2 3 4 6 7 9 |  9.4
Axes           | 3 4 5 6 7 |  7.2
Fighting       | 4 5 6 7 |  7.7

Action                   |  1- 3 |  4- 6 |  7- 9 | 10-12 || total
-------------------------+-------+-------+-------+-------++-------
Melee: Rapier            |    65 |    91 |   161 |   130 ||   447
       Hand axe          |     5 |       |       |       ||     5
       Punch             |       |     1 |     3 |     2 ||     6
       Touch             |       |       |    21 |    24 ||    45
Invok: Trog's Hand       |       |       |     2 |     4 ||     6
       Brothers in Arms  |       |       |       |     2 ||     2
       Berserk           |       |       |       |     1 ||     1
  Use: Scroll            |     5 |    10 |     7 |     7 ||    29
       Potion            |       |       |     2 |     5 ||     7
 Stab: Sleeping          |     1 |       |       |       ||     1
Armor: Animal skin       |    13 |       |       |       ||    13
       Scale mail        |     4 |    19 |    53 |    31 ||   107
Dodge: Dodged            |    37 |    67 |   124 |   102 ||   330
Block: Other             |     7 |    28 |    49 |    30 ||   114
       Reflection        |     1 |       |     4 |       ||     5
